 Dungeon Crawl Stone Soup version 0.29.1-2-gbd0b4ee654 (webtiles) character file.

Game seed: 3750953209566771531

11036 DildoBatman the Geomancer (level 12, -6/86 HPs)
             Began as a Formicid Conjurer on Nov 11, 2022.
             Was an Elder of Kikubaaqudgha.
             Splashed by a brown ugly thing's acid (10 damage)
             ... on level 10 of the Dungeon.
             The game lasted 00:45:38 (11001 turns).

DildoBatman the Geomancer (Formicid Conjurer)      Turns: 11001, Time: 00:45:38

Health: -6/86      AC:  4    Str: 10    XL:     12   Next: 2%
Magic:  1/20       EV: 14    Int: 19    God:    Kikubaaqudgha [****..]
Gold:   409        SH:  0    Dex: 23    Spells: 8/25 levels left

rFire   + . .      SeeInvis +   R - +3 dire flail (holy)
rCold   . . .      Faith    +   (no shield)
rNeg    + . .      Spirit   .   v - +0 robe
rPois   +          Reflect  .   (helmet unavailable)
rElec   .          Harm     .   Q - +2 ratskin cloak {*Rats rPois rN+ Str-1 Int-1 Dex+1}
rCorr   .          Rampage  .   e - +0 pair of gloves
Will    +....                   K - +1 pair of boots
Stlth   +++.......              g - amulet of faith
HPRegen 0.24/turn               T - +4 ring of protection
MPRegen 0.17/turn               p - +6 ring of dexterity

@: corroded
A: permanent stasis, dig shafts and tunnels, antennae 3, four strong arms,
deformed body, fire resistance 1, low MP 1
a: Dig, Shaft Self, Renounce Religion, Unearth Wretches


You were on level 10 of the Dungeon.
You worshipped Kikubaaqudgha.
Kikubaaqudgha was greatly pleased with you.
You visited 2 branches of the dungeon, and saw 11 of its levels.

You collected 617 gold pieces.
You spent 208 gold pieces at shops.

Inventory:

Hand Weapons
 a - a +4 trident
 b - a +0 shortbow of freezing
 F - a +2 quarterstaff of chaos
 R - a +3 dire flail of holy wrath (weapon)
Missiles
 c - 124 stones
 o - 20 poisoned darts (quivered)
 H - 2 boomerangs of dispersal
 I - 9 boomerangs
Armour
 e - a +0 pair of gloves (worn)
 v - a +0 robe (worn)
 K - a +1 pair of boots (worn)
 Q - the +2 ratskin cloak (worn) {*Rats rPois rN+ Str-1 Int-1 Dex+1}
   (You found it on level 8 of the Dungeon)

   When the wearer is hurt, rats may emerge from it to assist them.
   Str:       It affects your strength (-1).
   Int:       It affects your intelligence (-1).
   Dex:       It affects your dexterity (+1).
   rPois:     It protects you from poison.
   rN:        It protects you from negative energy.
Jewellery
 f - a ring of protection from fire
 g - an amulet of faith (around neck)
 j - a ring of positive energy
 p - a +6 ring of dexterity (right hand)
 u - a ring of fire
 D - a ring of protection from cold
 G - a ring of protection from cold
 N - a +6 ring of intelligence
 P - a ring of flight
 T - a +4 ring of protection (left hand)
Wands
 t - a wand of paralysis (17)
 x - a wand of polymorph (29)
Scrolls
 d - 3 scrolls of teleportation {unknown}
 h - 2 scrolls of noise {unknown}
 k - 4 scrolls of amnesia
 q - 2 scrolls of enchant armour {unknown}
 s - 5 scrolls of immolation
 w - a scroll of enchant weapon {unknown}
 z - 5 scrolls of identify
 A - a scroll of vulnerability {unknown}
 E - 2 scrolls of poison {unknown}
 J - 2 scrolls of magic mapping {unknown}
 M - 2 scrolls of blinking {unknown}
 S - 5 scrolls of butterflies {unknown}
Potions
 i - 6 potions of heal wounds
 l - 2 potions of brilliance
 m - 3 potions of flight {unknown}
 n - 9 potions of curing
 r - 2 potions of haste {unknown}
 y - a potion of magic
 B - a potion of might {unknown}
 C - 6 potions of lignification
 L - a potion of cancellation {unknown}
 O - a potion of invisibility


   Skills:
 - Level 5.4 Fighting
 - Level 5.5 Armour
 - Level 3.5 Dodging
 - Level 2.4 Stealth
 - Level 7.0 Spellcasting
 - Level 6.0 Conjurations
 * Level 8.1 Necromancy
 - Level 6.0 Air Magic
 - Level 9.0 Earth Magic
 - Level 6.0 Poison Magic


You had 8 spell levels left.
You knew the following spells:

 Your Spells              Type           Power      Damage    Failure   Level
a - Borgnjor's Vile Clut  Necr/Erth      19%        N/A       9%          5
b - Searing Ray           Conj           58%        2d6       1%          2
c - Magic Dart            Conj           100%       1d8       1%          1
e - Mephitic Cloud        Conj/Pois/Air  29%        N/A       2%          3
h - Dispel Undead         Necr           37%        3d15      3%          4
z - Sublimation of Blood  Necr           37%        N/A       1%          2

Your spell library contained the following spells:

 Spells                   Type           Power      Damage    Failure   Level
 Necrotise                Necr           100%       1d9       1%          1
 Animate Dead             Necr           37%        N/A       3%          4
 Corpse Rot               Necr/Pois/Air  32%        N/A       6%          4
 Dazzling Flash           Conj/Hex       36%        N/A       9%          3
 Agony                    Necr           37%        N/A       10%         5
 Call Imp                 Summ           6%         N/A       16%         2
 Anguish                  Hex/Necr       11%        N/A       19%         4
 Fulminant Prism          Conj/Hex       9%         3d7       28%         4
 Iskenderun's Mystic Bla  Conj/Tloc      18%        2d6       28%         4
 Lesser Beckoning         Tloc           6%         N/A       30%         3
 Manifold Assault         Tloc           6%         N/A       95%         5
 Simulacrum               Ice/Necr       11%        N/A       96%         6
 Blink                    Tloc           Unusable   N/A       N/A         2

Dungeon Overview and Level Annotations

Branches:
Dungeon (10/15)            Temple (1/1) D:5            Lair (0/5) D:8
    Orc (0/2) D:10

Altars:
Ashenzari
Cheibriados
Dithmenos
Elyvilon
Fedhas
Gozag
Hepliaklqana
Kikubaaqudgha
Makhleb
Qazlal
Ru
Sif Muna
Trog
Uskayaw
Vehumet
Wu Jian
Xom
Zin
The Shining One

Shops:
D:4 *   D:9 !


Innate Abilities, Weirdness & Mutations

You cannot be hasted, slowed, berserked, paralysed or teleported.
You can dig through walls and to a lower floor.
You have a pair of large antennae on your head. (SInv)
Your four strong arms can wield two-handed weapons with a shield.
Armour fits poorly on your strangely shaped body.
Your flesh is heat resistant. (rF+)
Your magical capacity is low. (-10% MP)


Message History

Confirm with . or Enter, or press ? or * to list all spells.
You draw magical energy from your own body!
Casting: Sublimation of Blood (safe; 1% risk of failure)
Confirm with . or Enter, or press ? or * to list all spells.
Aiming: Borgnjor's Vile Clutch (dangerous; 5% risk of failure)
Press: ? - help, Shift-Dir - straight line, f/p - brown ugly thing
Aim: a brown ugly thing (lightly wounded, 100% to hit)
Zombie hands grab the brown ugly thing.
The zombie hands constrict the brown ugly thing.
The brown ugly thing barely misses you.
You remove your +6 ring of intelligence.
You feel stupid.
The zombie hands constrict the brown ugly thing.
T - a +4 ring of protection (left hand)
The zombie hands constrict the brown ugly thing.
The brown ugly thing pecks you. The acid corrodes you!
You are splashed with acid.
Unknown command.
Press: ? - help, . - travel You can't see that place. [the floor.]
Your +3 dire flail of holy wrath softly glows with a divine radiance!
R - a +3 dire flail of holy wrath (weapon)
The zombie hands constrict the brown ugly thing.
You puncture the brown ugly thing!
The brown ugly thing is moderately wounded.
The zombie hands constrict the brown ugly thing!
The brown ugly thing pecks you! The acid corrodes you!
You are splashed with acid.
The brown ugly thing pecks you!
You are splashed with acid!
You puncture the brown ugly thing!
The brown ugly thing is severely wounded.
The zombie hands constrict the brown ugly thing!
The brown ugly thing pecks you.
You are splashed with acid!
You die...
Kikubaaqudgha rasps: "You have failed me!
Welcome... death!"

#.........# #......>..#
#.........# #.........# ### #
#.........# #.. .# #.........# ..
..# #### ###....###..#####
.###....
#...###...###...###u..###...##
.....#.###.#....@#.###.#).u..#.##
#...#...#...#u..#...#...#....
#####.).#...#####...#...#####....
#...#...#...#...#...#...# ...
.....#.###.#.....#.###.#. #..
#...###...###...###...###. #..
.###.#.....#.###.#.....# ## #..
#...#...#...#...#...#...#. #..
#...#####...#...##### ..#.. #.)


You could see a brown ugly thing (clutched).

Vanquished Creatures
  3 two-headed ogres
  3 skeletal warriors
  A gargoyle (D:10)
  2 kobold demonologists (D:9)
  A komodo dragon (D:10)
  A troll (D:8)
  A hornet (D:8)
  Grinder (D:4)
  Sigmund (D:2)
  3 yaks (D:9)
  A basilisk (D:8)
  Eustachio (D:6)
  2 steam dragons
  Edmund (D:4)
  4 water moccasins
  5 orc warriors
  A black bear (D:5)
  An ogre (D:5)
  2 wolves (D:8)
  6 phantoms
  2 centaurs (D:9)
  5 bullfrogs
  2 necrophages (D:5)
  2 scorpions
  4 wights (D:7)
  12 killer bees
  A howler monkey (D:10)
  2 electric eels (D:8)
  7 orc priests
  A gnoll bouda (D:4)
  10 hounds
  3 jellies
  Crazy Yiuf (D:3)
  3 iguanas
  Terence (D:3)
  9 orc wizards
  5 hell rats (D:8)
  Robin (D:4)
  A gnoll (D:4)
  9 adders
  20 river rats (D:8)
  2 shadow imps (D:6)
  A white imp (D:3)
  An ufetubus (D:6)
  A worm (D:3)
  A dart slug (D:1)
  40 orcs
  5 bats
  7 endoplasms
  3 giant cockroaches
  15 goblins
  9 hobgoblins
  6 jackals (D:1)
  6 kobolds
  6 quokkas
  7 ball pythons
  7 frilled lizards
  6 rats
265 creatures vanquished.

Vanquished Creatures (others)
  5 plants (D:10)
5 creatures vanquished.

Grand Total: 270 creatures vanquished

Notes
Turn   | Place    | Note
-------+----------+-------------------------------------------
     0 | D:1      | DildoBatman the Formicid Conjurer began the quest for the
                  | Orb.
     0 | D:1      | Reached XP level 1. HP: 13/13 MP: 3/3
   151 | D:1      | Reached XP level 2. HP: 14/19 MP: 0/5
   154 | D:1      | Learned a level 2 spell: Searing Ray
   328 | D:1      | Found a faded altar of an unknown god.
   393 | D:1      | Reached XP level 3. HP: 24/24 MP: 1/6
  1497 | D:3      | Reached XP level 4. HP: 29/30 MP: 0/7
  1510 | D:3      | Found a runed translucent door.
  1511 | D:3      | Noticed Crazy Yiuf
  1549 | D:3      | Noticed Terence
  1692 | D:2      | Reached skill level 5 in Conjurations
  1731 | D:3      | Noticed Sigmund
  2047 | D:3      | Reached XP level 5. HP: 31/35 MP: 2/8
  2114 | D:3      | Noticed a steam dragon
  2128 | D:3      | Killed a steam dragon
  2129 | D:3      | Reached skill level 1 in Fighting
  2129 | D:3      | Reached XP level 6. HP: 12/43 MP: 5/9
  2769 | D:3      | Found a stormy altar of Qazlal.
  3072 | D:3      | Found a glowing golden altar of the Shining One.
  3073 | D:3      | Found a bloodstained altar of Trog.
  3074 | D:3      | Found a shimmering blue altar of Sif Muna.
  3074 | D:3      | Found a white marble altar of Elyvilon.
  3276 | D:4      | Reached XP level 7. HP: 51/51 MP: 8/10
  3602 | D:4      | Found Itiyfix's Fire Supplies.
  3863 | D:4      | Noticed Edmund
  3881 | D:4      | Noticed Grinder
  4330 | D:5      | Entered Level 5 of the Dungeon
  4437 | D:5      | Found a staircase to the Ecumenical Temple.
  4454 | Temple   | Entered the Ecumenical Temple
  4532 | Temple   | Became a worshipper of Kikubaaqudgha
  4731 | D:4      | Noticed Robin
  4758 | D:4      | Killed Robin
  4759 | D:4      | Reached skill level 5 in Spellcasting
  4874 | D:4      | You fall into a shaft and drop 1 floor!
  4963 | D:5      | Reached XP level 8. HP: 45/58 MP: 10/16
  5121 | D:5      | Found a sacrificial altar of Ru.
  5164 | D:5      | Found a shimmering altar of Xom.
  5251 | D:5      | Reached * piety under Kikubaaqudgha
  5251 | D:5      | Received a gift from Kikubaaqudgha
  5256 | D:5      | Learned a level 3 spell: Mephitic Cloud
  5411 | D:5      | Reached skill level 1 in Poison Magic
  5638 | D:4      | Reached skill level 1 in Air Magic
  5638 | D:4      | Reached XP level 9. HP: 65/65 MP: 13/19
  5855 | D:4      | Killed Grinder
  5944 | D:4      | Killed Edmund
  6020 | D:2      | Killed Sigmund
  6088 | D:3      | Killed Terence
  6142 | D:3      | Killed Crazy Yiuf
  6155 | D:3      | You fall into a shaft and drop 3 floors!
  6216 | D:6      | Learned a level 2 spell: Sublimation of Blood
  6276 | D:6      | Reached ** piety under Kikubaaqudgha
  6532 | D:6      | Reached skill level 5 in Fighting
  6532 | D:6      | Reached skill level 5 in Armour
  6849 | D:6      | Reached skill level 5 in Poison Magic
  6865 | D:6      | Noticed Eustachio
  6909 | D:6      | Killed Eustachio
  7329 | D:7      | Found an opulent altar of Gozag.
  7340 | D:7      | Reached XP level 10. HP: 74/74 MP: 11/20
  7545 | D:7      | Reached skill level 5 in Air Magic
  7648 | D:7      | Found a blossoming altar of Fedhas.
  8251 | D:8      | Reached *** piety under Kikubaaqudgha
  8251 | D:8      | Received a gift from Kikubaaqudgha
  8258 | D:8      | Learned a level 5 spell: Borgnjor's Vile Clutch
  8296 | D:8      | Reached skill level 1 in Earth Magic
  8311 | D:8      | Reached skill level 1 in Necromancy
  8317 | D:8      | Found a staircase to the Lair.
  8421 | D:8      | Reached skill level 2 in Earth Magic
  8517 | D:8      | Reached skill level 3 in Earth Magic
  8890 | D:8      | Reached skill level 4 in Earth Magic
  8966 | D:8      | Found the +2 ratskin cloak {*Rats rPois rN+ Str-1 Int-1
                  | Dex+1}
  9304 | D:9      | Noticed a kobold demonologist
  9316 | D:9      | Reached XP level 11. HP: 68/80 MP: 11/21
  9318 | D:9      | Reached skill level 5 in Earth Magic
  9318 | D:9      | Noticed a two-headed ogre
  9472 | D:9      | Reached **** piety under Kikubaaqudgha
  9692 | D:9      | Reached skill level 5 in Necromancy
  9692 | D:9      | Reached skill level 6 in Earth Magic
  9705 | D:9      | Found Ruwimn's Distillery.
  9713 | D:9      | Bought a potion of degeneration for 16 gold pieces
  9713 | D:9      | Bought a potion of brilliance for 64 gold pieces
  9713 | D:9      | Bought a potion of mutation for 128 gold pieces
  9714 | D:9      | Gained mutation: You have hidden genetic defects. [potion
                  | of mutation]
  9714 | D:9      | Gained mutation: Your flesh is heat resistant. (rF+)
                  | [potion of mutation]
  9776 | D:9      | Noticed a two-headed ogre
  9819 | D:9      | Killed a two-headed ogre
  9820 | D:9      | Reached skill level 7 in Earth Magic
 10001 | D:9      | Killed a two-headed ogre
 10262 | D:10     | Entered Level 10 of the Dungeon
 10280 | D:10     | Noticed a skeletal warrior
 10283 | D:10     | Noticed a skeletal warrior
 10286 | D:10     | Noticed a skeletal warrior
 10299 | D:9      | Killed a skeletal warrior
 10317 | D:9      | Gained mutation: Your magical capacity is low. (-10% MP)
                  | [hidden defects]
 10350 | D:10     | Found a staircase to the Orcish Mines.
 10356 | D:10     | Noticed a two-headed ogre
 10437 | D:10     | Noticed a brown ugly thing
 10564 | D:9      | Learned a level 4 spell: Dispel Undead
 10608 | D:9      | Killed a skeletal warrior
 10609 | D:9      | Reached skill level 8 in Earth Magic
 10687 | D:10     | Killed a skeletal warrior
 10800 | D:10     | Gained mutation: Armour fits poorly on your strangely
                  | shaped body. [hidden defects]
 10800 | D:10     | Lost mutation: You have hidden genetic defects. [hidden
                  | defects expressed]
 10892 | D:10     | Noticed a two-headed ogre
 10899 | D:10     | Killed a two-headed ogre
 10900 | D:10     | Reached skill level 9 in Earth Magic
 10964 | D:10     | Reached XP level 12. HP: 46/86 MP: 4/20
 11001 | D:10     | HP: 4/86 [brown ugly thing (1)]
 11001 | D:10     | Splashed by a brown ugly thing's acid

Illustrated notes

Levels and vault maps discovered:
D:1:      dpeg_arrival_short_road, layout_loops_ring,
          ebering_ecumenical_altar_hall
D:2:      layout_basic
D:3:      minmay_skewed_foursquare, layout_loops_cross,
          overflow_temple_1_default, mainiacjoe_overflow_alcove_3,
          minmay_starry_boxes, uniq_terence, uniq_sigmund,
          uniq_crazy_yiuf_cottage
D:4:      minmay_chambers_of_threes, layout_basic, reono_crystal_passage,
          nicolae_shop_fire_sale [nicolae_sub_dead_trees], minmay_hedge_maze,
          uniq_robin, uniq_grinder, uniq_edmund
D:5:      layout_rooms, nicolae_overflow_crystal_walls, kennysheep_mini_moat,
          temple_pool_b
D:6:      layout_loops_ring, uniq_eustachio
D:7:      layout_loops_corners, nicolae_gozag_cash_rules_everything_around_me,
          fedhas_altar_3, kennysheep_small_spiral
D:8:      wander_guarded_unrand_ratskin, layout_basic, erik_lair_island,
          hex_medium
D:9:      layout_basic, serial_shops, shop
D:10:     nicolae_cairo_tiling, layout_rooms, kennysheep_okawaru_gauntlet,
          mainiacjoe_overflow_tiny_flanked, mainiacjoe_overflow_surrounded_room,
          gammafunk_ghost_hydra_chop
Temple:   eino_temple_lava

Skill      XL: |  1  2  3  4  5  6  7  8  9 10 11 |
---------------+----------------------------------+-----
Conjurations   | 4 5 6 |  6.0
Fighting       | 1 2 3 5 |  5.4
Armour         | 2 3 5 |  5.5
Dodging        | 2 3 |  3.5
Spellcasting   | 5 7 |  7.0
Poison Magic   | 1 6 |  6.0
Air Magic      | 1 3 6 |  6.0
Earth Magic    | 4 9 |  9.0
Necromancy     | 3 8 |  8.1
Stealth        | |  2.4

Action                   |  1- 3 |  4- 6 |  7- 9 | 10-12 || total
-------------------------+-------+-------+-------+-------++-------
Melee: Unarmed           |     9 |       |       |       ||     9
       Mace              |    44 |       |       |       ||    44
       Dagger            |       |    14 |     7 |       ||    21
       Dire flail        |       |       |    96 |    35 ||   131
       Punch             |       |       |     2 |     4 ||     6
       Trident           |       |       |       |   225 ||   225
 Fire: Sling             |       |    20 |    54 |       ||    74
       Shortbow          |       |       |       |     7 ||     7
 Cast: Magic Dart        |    26 |    24 |    20 |    15 ||    85
       Searing Ray       |     5 |    15 |    43 |    22 ||    85
       Mephitic Cloud    |       |       |    11 |    50 ||    61
       Borgnjor's Vile C |       |       |       |    20 ||    20
       Dispel Undead     |       |       |       |     5 ||     5
       Sublimation of Bl |       |       |       |     4 ||     4
 Abil: Dig               |     1 |       |     1 |       ||     2
       Shaft Self        |       |       |     2 |       ||     2
  Use: Potion            |       |     1 |       |     1 ||     2
       Scroll            |       |       |       |     4 ||     4
 Stab: Sleeping          |     4 |       |       |     5 ||     9
       Confused          |       |       |     6 |    43 ||    49
Armor: Robe              |    38 |    15 |    59 |    73 ||   185
Dodge: Dodged            |    51 |    35 |   119 |   178 ||   383
